 Dungeon Crawl Stone Soup version 0.16.1 (console) character file.

34 gw the Vexing (level 3, 0/26 HPs)
             Began as a Human Arcane Marksman on Mar 23, 2015.
             Succumbed to an adder's poison
             ... on level 2 of the Dungeon.
             The game lasted 00:01:42 (1839 turns).

gw the Vexing (Human Arcane Marksman)               Turns: 1839, Time: 00:01:42

Health: 0/26       AC:  3    Str: 11    XL:     3   Next: 50%
Magic:  5/6        EV: 12    Int: 14    God:
Gold:   74         SH:  0    Dex: 12    Spells: 1 memorised, 5 levels left

rFire  + . .     SeeInvis .     b - +0 club
rCold  . . .     Clarity  .     a - +0 robe
rNeg   . . .     SustAb   .     (no shield)
rPois  .         Gourm    .     (no helmet)
rElec  .         Spirit   .     (no cloak)
rCorr  .         Warding  .     e - +0 pair of gloves
rMut   .         Stasis   .     (no boots)
MR     .....                    (no amulet)
Stlth  +.........               (no ring)
                                k - ring of protection from fire

@: lethally poisoned (0 -> -6), not resistant to hostile enchantments, very
unstealthy
A: no striking features
a: no special abilities


You were on level 2 of the Dungeon.
You were near starving.

You visited 1 branch of the dungeon, and saw 2 of its levels.

You collected 74 gold pieces.

Inventory:

Hand weapons
 b - a +0 club (weapon)
Missiles
 c - 2 throwing nets
 i - 43 stones
 j - 2 javelins (quivered)
 m - 17 poisoned needles
Armour
 a - a +0 robe (worn)
 e - a +0 pair of gloves (worn)
Jewellery
 k - a ring of protection from fire (left hand)
Scrolls
 h - a scroll of magic mapping {unknown}
 l - a scroll of enchant armour {unknown}
Potions
 n - a potion of cancellation {unknown}
Books
 d - a book of Debilitation

   Spells                             Type                      Level
   a - Corona                         Hexes                        1
   b - Slow                           Hexes                        2
   c - Inner Flame                    Hexes/Fire                   3
   d - Enslavement                    Hexes                        4
   e - Cause Fear                     Hexes                        4
   f - Leda's Liquefaction            Hexes/Earth                  4
Comestibles
 f - a bread ration
 g - a beef jerky
 o - a royal jelly


   Skills:
 + Level 1.4 Fighting
 + Level 2.0 Throwing
 + Level 0.6 Armour
 - Level 2.0 Dodging
 * Level 2.2 Spellcasting
 + Level 3.2 Hexes


You had 5 spell levels left.
You knew the following spells:

 Your Spells              Type           Power        Failure   Level  Hunger
a - Corona                Hex            ##.....      10%         1    #......


Dungeon Overview and Level Annotations

Branches:
Dungeon (2/15)

Altars:


Message History

The adder is severely wounded.
You feel sick. The adder bites you. The adder misses you.
Unknown command.
Unknown command.
Unknown command.
Unknown command.
ATTACKING (0,-1)
You hit the adder.
You kill the adder!
Unknown command.
Unknown command.
Unknown command.
Unknown command.
MOVING TO (-5,0)
You feel sick.
Unknown command.
Unknown command.
Unknown command.
MOVING TO (-4,0)
You die...

#.# # #.# # #.# # #.# #
##.##############
#................
#..#######.######
....#####..# #.#
#.....p..# ##.##
########.######...#####
#.................
#.#.######...#..##
#.#.........##..# #
############..# #..#
#..# #..#


There were no monsters in sight!

Table legend:
 A = Turns spent in this place as a percentage of turns spent in the entire game.
 B = Non-inter-level travel turns spent in this place as a percentage of non-inter-level travel turns spent in the entire game.
 C = Inter-level travel turns spent in this place as a percentage of turns spent in this place.
 D = Turns resting spent in this place as a percentage of non-inter-level travel turns spent in this place.
 E = Turns spent auto-exploring this place as a percentage of non-inter-level travel turns spent in this place.
 F = Non-inter-level travel turns spent in this place divided by the number of levels of this place that you've seen.
                   A       B       C       D       E      F
               +-------+-------+-------+-------+-------+----------------------
         Total | 100.0 | 100.0 |   0.2 |   2.5 |   3.0 | 1146.0
       Dungeon | 100.0 | 100.0 |   0.2 |   2.5 |   3.0 | 1146.0
               +-------+-------+-------+-------+-------+----------------------

Table legend:
 A = Kills in this place as a percentage of kills in entire the game.
 B = Kills by you in this place as a percentage of kills by you in the entire game.
 C = Kills by friends in this place as a percentage of kills by friends in the entire game.
 D = Other kills in this place as a percentage of other kills in the entire game.
 E = Experience gained in this place as a percentage of experience gained in the entire game.
 F = Experience gained in this place divided by the number of levels of this place that you have seen.
                   A       B       C       D       E      F
               +-------+-------+-------+-------+-------+----------------------
         Total | 100.0 | 100.0 |  -nan |  -nan | 100.0 |  24.5
       Dungeon | 100.0 | 100.0 |  -nan |  -nan | 100.0 |  24.5
               +-------+-------+-------+-------+-------+----------------------

Vanquished Creatures
  An adder (D:2)
  A giant gecko (D:1)
  7 hobgoblins
  2 ball pythons (D:1)
  4 bats
  3 giant cockroaches (D:1)
  2 goblins (D:1)
  A kobold (D:1)
  3 rats
24 creatures vanquished.

Notes
Turn   | Place    | Note
--------------------------------------------------------------
     0 | D:1      | gw, the Human Arcane Marksman, began the quest for the Orb.
     0 | D:1      | Reached XP level 1. HP: 15/15 MP: 2/2
   224 | D:1      | Reached XP level 2. HP: 21/21 MP: 1/3
  1093 | D:1      | Reached XP level 3. HP: 26/26 MP: 4/6
  1838 | D:2      | HP: 1/26 [poisoned by an adder]
  1839 | D:2      | Succumbed to an adder's poison

Action                   || total
-------------------------++-------
Melee: Club              ||    47
Throw: Javelin           ||    29
       Stone             ||     7
 Cast: Corona            ||    30
  Use: Potion            ||     4
       Scroll            ||     3
  Eat: Chunk             ||     2

Vault maps used:
D:1:      onia_arrival_pyramid, minmay_misc_feat_roman, minmay_misc_feat_plants,
          serial_bayou_pond_c, kennysheep_small_spiral
D:2:      cheibriados_altar_wand_db, minmay_rats_cheesy_pizza, uniq_sigmund
